 Dungeon Crawl Stone Soup version 0.30-a0-702-gdf48620a09 (webtiles) character file.

Game seed: 10283063753539555859

51 Newt the Shooter (level 4, 0/28 HPs)
             Began as a Kobold Hunter on Jan 21, 2023.
             Slain by a gnoll
             ... wielding a +0 flail
              (8 damage)
             ... on level 2 of the Dungeon.
             The game lasted 00:00:50 (1043 turns).

Newt the Shooter (Kobold Hunter)                    Turns: 1043, Time: 00:00:50

Health: 0/28       AC:  3    Str:  8    XL:     4   Next: 7%
Magic:  4/4        EV: 14    Int: 10    God:
Gold:   73         SH:  0    Dex: 20    Spells: 3/3 levels left

rFire   . . .      SeeInvis .    a - +0 shortbow
rCold   . . .      Faith    .    (shield currently unavailable)
rNeg    . . .      Spirit   .    c - +0 leather armour
rPois   .          Reflect  .    (no helmet)
rElec   .          Harm     .    (no cloak)
rCorr   .          Rampage  .    (no gloves)
Will    .....                    (no boots)
Stlth   ++++                     (no amulet)
HPRegen 0.24/turn                (no ring)
MPRegen 0.09/turn                (no ring)

@: no status effects
A: small, no large weapons, nightstalker 3
a: no special abilities


You were on level 2 of the Dungeon.
You visited 1 branch of the dungeon, and saw 2 of its levels.

You collected 73 gold pieces.

Inventory:

Hand Weapons
 a - a +0 shortbow (weapon)
Armour
 c - a +0 leather armour (worn)
Jewellery
 d - a ring of poison resistance
Scrolls
 b - a scroll of immolation
Potions
 e - 2 potions of invisibility
 f - a potion of mutation {unknown}
 g - 2 potions of ambrosia {unknown}
 i - a potion of curing {unknown}


   Skills:
 + Level 3.3 Fighting
 - Level 5.3 Ranged Weapons
 - Level 2.4 Dodging
 - Level 4.0 Stealth


You had 3 spell levels left.
You didn't know any spells.
Your spell library was empty.

Dungeon Overview and Level Annotations

Branches:
Dungeon (2/15)

Altars:


Innate Abilities, Weirdness & Mutations

You are small and have problems with some larger weapons.
You are completely attuned to the shadows.


Message History

The gnoll shouts!
The gnoll is severely wounded.
You hear a shout! x3
A hobgoblin comes into view.
You shoot an arrow. The arrow closely misses the gnoll.
You hear a shout!
The gnoll hits you from afar with a +0 spear.
You shoot an arrow. The arrow hits the gnoll!
You kill the gnoll!
You hear a shout!
A hobgoblin comes into view.
A gnoll comes into view. It is wielding a +0 flail.
The gnoll moves out of view.
You hear a shout!
The hobgoblin shouts!
Your Fighting skill increases to level 3!
You have reached level 4!
A gnoll comes into view. It is wielding a +0 whip.
You shoot an arrow. The arrow hits the hobgoblin!
You kill the hobgoblin!
You shoot an arrow. The arrow hits the hobgoblin.
The hobgoblin is heavily wounded.
You hear a shout!
You shoot an arrow. The arrow hits the hobgoblin.
The hobgoblin is almost dead.
An endoplasm comes into view.
A gnoll comes into view. It is wielding a +0 spear.
The hobgoblin closely misses you.
You shoot an arrow. The arrow hits the hobgoblin!
You kill the hobgoblin!
You shoot an arrow. The arrow hits the gnoll.
The gnoll is moderately wounded.
The gnoll hits you with a +0 flail. The gnoll closely misses you. x2
The gnoll completely misses you. The gnoll closely misses you.
The gnoll attacks as you move away! The gnoll hits you with a +0 whip.
The gnoll attacks as you move away! The gnoll hits you with a +0 flail!
* * * LOW HITPOINT WARNING * * *
There is a stone staircase leading up here.
Your library has no spells.
The gnoll hits you with a +0 flail!
You die...

......
......
#..g..
#J†).. #
#g###
##.#.g@#
.......+
......##
......#
......#
......#
......


You could see 2 gnolls.

Vanquished Creatures
  A gnoll (D:2)
  4 dart slugs (D:1)
  2 ball pythons (D:1)
  3 endoplasms (D:1)
  3 giant cockroaches (D:1)
  3 hobgoblins
  2 kobolds (D:1)
  2 quokkas (D:1)
  2 bats (D:1)
  A frilled lizard (D:1)
  5 goblins (D:1)
  2 rats (D:1)
30 creatures vanquished.

Notes
Turn   | Place    | Note
-------+----------+-------------------------------------------
     0 | D:1      | Newt the Kobold Hunter began the quest for the Orb.
     0 | D:1      | Reached XP level 1. HP: 12/12 MP: 1/1
     4 | D:1      | Noticed an electric eel
     7 | D:1      | Noticed an electric eel
   173 | D:1      | Reached XP level 2. HP: 17/17 MP: 2/2
   453 | D:1      | Reached XP level 3. HP: 21/21 MP: 3/3
  1036 | D:2      | Reached XP level 4. HP: 21/28 MP: 4/4
  1043 | D:2      | Slain by a gnoll

Illustrated notes

Levels and vault maps discovered:
D:1:      arrival_aquarium_b, layout_basic, serial_forest,
          infiniplex_forest_lined_2, infiniplex_forest_clump_tiny,
          infiniplex_forest_lined_room_3, infiniplex_forest_side_room,
          infiniplex_forest_clump_tiny, infiniplex_forest_end_double,
          infiniplex_forest_clump_double
D:2:      layout_basic, shapermc_ecumenical_altar_acropolis, basic_altar,
          dk_vineyard_1, kennysheep_generic_room_11

Skill      XL: |  1  2  3 |
---------------+----------+-----
Stealth        | 2 3 4 |  4.0
Fighting       | 3 |  3.3
Ranged Weapons | |  5.3
Dodging        | |  2.4

Action                   |  1- 3 |  4- 6 || total
-------------------------+-------+-------++-------
 Fire: Shortbow          |    63 |     5 ||    68
  Use: Scroll            |     1 |       ||     1
Armor: Leather armour    |     2 |       ||     2
Dodge: Dodged            |    19 |     5 ||    24

Table legend: (Time is in decaauts)
 A = Elapsed time spent in this place.
 B = Non-inter-level travel time spent in this place.
 C = Inter-level travel time spent in this place.
 D = Time resting spent in this place.
 E = Time spent auto-exploring this place.
 F = Levels seen in this place.
 G = Mean time per level.
                   A        B        C        D        E       F      G
               +--------+--------+--------+--------+--------+-----+--------+
         Total |   1061 |   1040 |     21 |    143 |    760 |   2 |  530.5 |
       Dungeon |   1061 |   1040 |     21 |    143 |    760 |   2 |  530.5 |
               +--------+--------+--------+--------+--------+-----+--------+

Top non-repeatable levels by time:
     D:1: 1042 daAuts
     D:2: 18 daAuts
